 Dungeon Crawl Stone Soup version 0.28.0-53-g5a82cb258f (webtiles) character file.

Game seed: 17008736911053379542

514 Doot the Purveyor of Pain (level 7, -10/42 HPs)
             Began as an Octopode Necromancer on June 2, 2022.
             Was an Initiate of Kikubaaqudgha.
             Mangled by Duvessa
             ... wielding a +0 short sword
              (17 damage)
             ... on level 4 of the Dungeon.
             The game lasted 00:09:03 (6223 turns).

Doot the Purveyor of Pain (Octopode Necromancer)    Turns: 6223, Time: 00:09:04

Health: -10/42     AC:  1    Str:  7    XL:     7   Next: 20%
Magic:  10/13      EV: 13    Int: 25    God:    Kikubaaqudgha [......]
Gold:   231        SH:  0    Dex: 13    Spells: 0/14 levels left

rFire   . . .      SeeInvis .   b - +0 dagger
rCold   . . .      Faith    .   (no shield)
rNeg    . . .      Spirit   .   (helmet restricted)
rPois   +          Reflect  .   (no amulet)
rElec   .          Harm     .   f - +6 ring of intelligence
rCorr   .          Rampage  .   l - ring of poison resistance
Will    .....                   (no ring)
Stlth   ++++......              (no ring)
HPRegen 0.14/turn               (no ring)
MPRegen 0.13/turn               (no ring)
                                (no ring)
                                (no ring)

@: no status effects
A: almost no armour, amphibious, 8 rings, camouflage 1, gelatinous body 1,
(nimble swimmer 1), tentacles
a: Renounce Religion


You were on level 4 of the Dungeon.
You worshipped Kikubaaqudgha.
Kikubaaqudgha was noncommittal.
You visited 2 branches of the dungeon, and saw 6 of its levels.

You collected 231 gold pieces.

Inventory:

Hand Weapons
 b - a +0 dagger (weapon)
Missiles
 g - 6 poisoned darts
Jewellery
 f - a +6 ring of intelligence (left tentacle)
 l - a ring of poison resistance (right tentacle)
 q - a ring of protection from fire
Scrolls
 a - 3 scrolls of identify {unknown}
 c - 2 scrolls of enchant armour {unknown}
 h - a scroll of immolation {unknown}
 j - a scroll of blinking {unknown}
 m - 3 scrolls of torment {unknown}
 n - a scroll of teleportation {unknown}
 o - a scroll of enchant weapon {unknown}
 p - a scroll of fear {unknown}
Potions
 d - 3 potions of haste {unknown}
 e - a potion of magic {unknown}
 i - a potion of invisibility {unknown}
 k - a potion of berserk rage {unknown}


   Skills:
 + Level 0.9 Fighting
 + Level 0.8 Short Blades
 + Level 2.9 Dodging
 + Level 5.1 Stealth
 + Level 4.2 Spellcasting
 + Level 5.9 Necromancy


You couldn't memorise any spells.
You knew the following spells:

 Your Spells              Type           Power      Damage    Failure   Level
a - Pain                  Necr           100%       1d9       1%          1
b - Animate Skeleton      Necr           70%        N/A       1%          1
c - Vampiric Draining     Necr           35%        2d8       2%          3
d - Animate Dead          Necr           17%        N/A       8%          4
e - Agony                 Necr           35%        N/A       22%         5

Your spell library contained the following spells:

 Spells                   Type           Power      Damage    Failure   Level
 Apportation              Tloc           10%        N/A       9%          1
 Summon Small Mammal      Summ           20%        N/A       9%          1


Dungeon Overview and Level Annotations

Branches:
Dungeon (5/15)             Temple (1/1) D:4

Altars:
Ashenzari
Cheibriados
Dithmenos
Elyvilon
Fedhas
Gozag
Kikubaaqudgha
Makhleb
Okawaru
Qazlal
Uskayaw
Vehumet
Xom
Yredelemnul
Zin
The Shining One

Shops:
D:4 (

Annotations:
D:4 Duvessa


Innate Abilities, Weirdness & Mutations

You cannot wear most types of armour.
You are amphibious.
You can wear up to eight rings at the same time.
Your skin changes colour to match your surroundings (Stealth+).
Your rubbery body absorbs attacks. (AC +1, EV +1)
((You are camouflaged when in or above water. (Stealth+)))
You have tentacles for arms and can constrict up to eight enemies at once.


Message History

You climb downwards.
Level annotation: Duvessa
There is a stone staircase leading up here.
You start waiting.
You hear a shout! x35
Done waiting.
You start waiting.
You hear a shout! x18
Duvessa is nearby!
Duvessa rages.
You hear an angry hiss.
You climb upwards.
There is a stone staircase leading down here.
There is a staircase to the Ecumenical Temple here.
There is a fountain of clear blue water here.
There is an open door here.
There is an open door here.
There is a stone staircase leading down here.
You climb downwards.
Level annotation: Duvessa Duvessa hits you with a +0 short sword! x2
There is a stone staircase leading up, spattered with blood here.
Unknown command.
Duvessa hits you with a +0 short sword!
* * * LOW HITPOINT WARNING * * *
You climb upwards.
There is a stone staircase leading down here.
Unknown command.
Unknown command.
Okay, then.
Unknown command.
Casting: Vampiric Draining (dangerous; 2% risk of failure)
Confirm with . or Enter, or press ? or * to list all spells.
Aiming: Vampiric Draining (dangerous; 2% risk of failure)
Press: ? - help, Shift-Dir - straight line, f - Duvessa
Aim: Duvessa, wielding a +0 short sword and wearing a +0 leather armour (berserk)
You draw life force from Duvessa.
You feel life coursing into your body. Duvessa hits you with a +0 short sword!
You die...
Kikubaaqudgha rasps: "You have failed me!
Welcome... death!"

.########## .####.....#
.#........# .#........#
.#........# .#.)......#
....###################
####.....###..##.##...##
#.............@#.....#
#............e.#.....#
#..............#..)..#
####.............'..)..#
..##.............#..)..#
..##...##.####...###..##
..##...##.####...######
.......#.....#.....#
.......'.....#.....#


You could see Duvessa (berserk).

Vanquished Creatures
  A scorpion (D:4)
  Dowan (D:5)
  A howler monkey (D:4)
  A hound (D:4)
  An orc priest (D:4)
  2 centaur skeletons (D:4)
  An iguana (D:4)
  Natasha (thrice) (D:2)
  3 adders
  3 gnolls
  A shadow imp (D:4)
  2 worms (D:2)
  2 dart slugs
  9 orcs
  5 ball pythons
  4 bats
  6 endoplasms
  4 giant cockroaches
  14 goblins
  4 hobgoblins
  2 jackals (D:3)
  4 kobolds
  2 quokkas (D:2)
  3 frilled lizards
  6 rats
85 creatures vanquished.

Notes
Turn   | Place    | Note
-------+----------+-------------------------------------------
     0 | D:1      | Doot the Octopode Necromancer began the quest for the Orb.
     0 | D:1      | Reached XP level 1. HP: 11/11 MP: 3/3
   305 | D:1      | Reached XP level 2. HP: 11/17 MP: 0/5
   540 | D:1      | Learned a level 1 spell: Animate Skeleton
  1064 | D:1      | Reached XP level 3. HP: 13/21 MP: 1/6
  1948 | D:2      | Noticed Natasha
  1958 | D:2      | Killed Natasha
  1959 | D:2      | Reached skill level 5 in Necromancy
  1959 | D:2      | Reached XP level 4. HP: 5/27 MP: 3/7
  2216 | D:2      | Learned a level 3 spell: Vampiric Draining
  2244 | D:2      | Noticed Natasha
  2358 | D:2      | Killed Natasha
  2668 | D:2      | Noticed Natasha
  2674 | D:2      | Killed Natasha
  2675 | D:2      | Reached XP level 5. HP: 27/31 MP: 4/9
  2684 | D:2      | Learned a level 4 spell: Animate Dead
  3300 | D:3      | Found a faded altar of an unknown god.
  4335 | D:4      | Reached XP level 6. HP: 37/37 MP: 0/11
  4476 | D:4      | Found a staircase to the Ecumenical Temple.
  4488 | Temple   | Entered the Ecumenical Temple
  4770 | Temple   | Became a worshipper of Kikubaaqudgha
  4921 | D:5      | Entered Level 5 of the Dungeon
  4921 | D:5      | Noticed Duvessa
  4921 | D:5      | Noticed Dowan
  5220 | D:4      | Reached skill level 5 in Stealth
  5401 | D:4      | Found Kuwaowe's Antique Weapon Boutique.
  5584 | D:4      | Reached XP level 7. HP: 31/42 MP: 3/13
  5590 | D:4      | Learned a level 5 spell: Agony
  5881 | D:5      | Killed Dowan
  6223 | D:4      | Mangled by Duvessa

Illustrated notes

Levels and vault maps discovered:
D:1:      lightli_arrival_quake, layout_basic, minmay_pentomino_x2
D:2:      layout_basic, uniq_natasha
D:3:      layout_basic, hellmonk_ecumenical_altar_dog_temple, kennysheep_boxes
D:4:      layout_gridville, minmay_temple_entry_statues_fountains, serial_shops,
          nicolae_inconvenience_store
D:5:      layout_cave_pools, nicolae_ru_the_path_less_chosen,
          minmay_misc_feat_x, uniq_duvessa
Temple:   dpeg_five_rooms_temple

Skill      XL: |  1  2  3  4  5  6 |
---------------+-------------------+-----
Stealth        | 3 4 5 |  5.1
Necromancy     | 5 |  5.9
Spellcasting   | 3 4 |  4.2
Fighting       | |  0.9
Short Blades   | |  0.8
Dodging        | |  2.9

Action                   |  1- 3 |  4- 6 |  7- 9 || total
-------------------------+-------+-------+-------++-------
Melee: Dagger            |    16 |    62 |     4 ||    82
       Constrict         |     6 |    14 |     1 ||    21
       Tentacles         |     6 |    20 |     1 ||    27
       Punch             |       |     2 |       ||     2
 Cast: Pain              |    47 |    44 |     2 ||    93
       Animate Skeleton  |     1 |       |       ||     1
       Vampiric Draining |       |    12 |     2 ||    14
       Agony             |       |       |     1 ||     1
 Stab: Sleeping          |     4 |     8 |       ||    12
Armor: Skin              |     5 |    15 |       ||    20
Dodge: Dodged            |    14 |    77 |     2 ||    93
